 Dungeon Crawl Stone Soup version 0.21.1-1-g345015f (webtiles) character file.

6279 inc the Spry (level 10, -4/47 HPs)
             Began as a Felid Chaos Knight on Mar 12, 2018.
             Slain by a catoblepas (30 damage)
             ... on level 5 of the Lair of Beasts.
             The game lasted 00:40:32 (15881 turns).

inc the Spry (Felid Chaos Knight)                  Turns: 15881, Time: 00:40:33

Health: -4/47      AC:  4    Str:  4    XL:     10   Next: 63%
Magic:  11/11      EV: 42    Int: 14    God:    Xom [.....*]
Gold:   658        SH:  0    Dex: 17    Spells: 9/9 levels left
                                        Lives:  0   Deaths: 2

rFire    . . .     SeeInvis +     - Unarmed
rCold    . . .     Gourm    .   (shield unavailable)
rNeg     . . .     Faith    .   (armour unavailable)
rPois    .         Spirit   .   (helmet unavailable)
rElec    .         Reflect  .   (cloak unavailable)
rCorr    .         Harm     .   (gloves unavailable)
MR       +....                  (boots unavailable)
Stlth    ++........             f - amulet of regeneration
HPRegen  0.55/turn              B - +5 ring of evasion
MPRegen  0.12/turn              G - +4 ring of evasion

@: quick
A: very small, no armour, no weapons or thrown items, stealth, antennae 1, claws
1, fangs 3, yellow scales 1, see invisible, carnivore, dopey 1, speed 1,
screaming 1, shaggy fur 2, slow metabolism 1, weak 2, evolution 1, no potion
heal 1, sharp paws
a: Renounce Religion


You were on level 5 of the Lair of Beasts.
You worshipped Xom.
You were Xom's teddy bear.
You were not hungry.

You visited 4 branches of the dungeon, and saw 19 of its levels.
You also visited: Labyrinth.

You collected 740 gold pieces.
You spent 82 gold pieces at shops.

Inventory:

Jewellery
 e - an uncursed ring of protection from fire
 f - an amulet of regeneration (around neck)
 j - an uncursed ring of stealth
 s - a +3 ring of intelligence
 A - a +3 ring of dexterity
 B - a +5 ring of evasion (left paw)
 F - an uncursed ring of wizardry
 G - a +4 ring of evasion (right paw)
 I - a +3 ring of evasion
 J - an uncursed ring of teleportation
Wands
 v - a wand of iceblast (26)
 y - a wand of digging (10)
 z - a wand of random effects (44)
 K - a wand of paralysis (9)
Scrolls
 b - a scroll of vulnerability
 c - 4 scrolls of enchant armour
 g - 6 scrolls of enchant weapon
 h - 3 scrolls of random uselessness
 i - 5 scrolls of immolation
 m - 6 scrolls of remove curse
 n - 2 scrolls of fog
 o - 2 scrolls of holy word
 q - 3 scrolls of magic mapping
 r - a scroll of brand weapon
 t - 6 scrolls of amnesia
 x - 4 scrolls of teleportation
 C - 2 scrolls of noise
 D - a scroll of torment
 E - a scroll of fear
 H - 2 scrolls of blinking
Potions
 d - 5 potions of haste
 k - 2 potions of lignification
 l - 2 potions of flight
 p - 2 potions of agility
 u - 2 potions of degeneration
 w - a potion of curing
Books
 L - a book of Beasts

   Spells                             Type                      Level
   a - Summon Butterflies             Summoning                    1
   b - Call Canine Familiar           Summoning                    3
   c - Summon Ice Beast               Ice/Summoning                4
   d - Summon Mana Viper              Hexes/Summoning              5
   e - Summon Hydra                   Summoning                    7
Comestibles
 a - 40 rations


   Skills:
 - Level 7.5 Fighting
 - Level 18.3 Dodging
 + Level 14.0 Unarmed Combat


You had 9 spell levels left.
You didn't know any spells.

Dungeon Overview and Level Annotations

Branches:
Dungeon (12/15)            Temple (1/1) D:4            Lair (5/6) D:8
  Swamp (0/4) Lair:4       Spider (0/4) Lair:4          Orc (1/2) D:11
  Slime: Lair:5-6

Altars:
Ashenzari
Cheibriados
Dithmenos
Elyvilon
Fedhas
Gozag
Hepliaklqana
Kikubaaqudgha
Makhleb
Nemelex Xobeh
Okawaru
Qazlal
Ru
Sif Muna
Trog
Uskayaw
Vehumet
Wu Jian
Xom
Yredelemnul
Zin
The Shining One

Shops:
D:9 *

Annotations:
D:4 Menkaure
D:9 Anonimus's ghost, novice GnFi
Lair:3 Snorg


Innate Abilities, Weirdness & Mutations

You cannot wear armour.
You are incapable of wielding weapons or throwing items.
Your paws allow you to move quietly. (Stealth)
You have sharp claws.
You have razor-sharp teeth.
You have supernaturally acute eyesight. (SInv)
You are carnivorous and can eat meat at any time.
You cover ground quickly.
You are covered in thick fur. (AC +2)
You have a slow metabolism.
Your sharp claws are effective at attacking unaware monsters.
You have a pair of small antennae on your head.
You are partially covered in yellow scales. (AC +2)
You are dopey. (Int -2)
You occasionally shout uncontrollably at your foes.
You are very weak. (Str -4)
You evolve.
Potions are less effective at restoring your health.


Message History

You bite the catoblepas, but do no damage.
The catoblepas is moderately wounded.
The catoblepas gores you.
You scratch the catoblepas but do no damage.
The catoblepas is moderately wounded.
You are now Xom's teddy bear.
The catoblepas breathes a plume of calcifying dust at you.
The blast of calcifying dust hits you!
You swap places.
Your butterfly is engulfed in calcifying dust.
Your butterfly is moving more slowly.
The catoblepas misses you.
You scratch the catoblepas.
The catoblepas is moderately wounded.
You claw the catoblepas! x2
The catoblepas is heavily wounded.
The catoblepas gores you!!
Ouch! That really hurt!
You die...
Xom thinks this is hilarious!

...$?.....†...#
...........#..##
.........###...#
###### .........#
#...####.##.#
.........#
#......†....#
..#..#..#
##_..##..#.## .
#.##_#####.#####.###
####...P...### ###
#._...b@b#.###########
##..#..Y†#......#..#.#
#.###...Y........#..#
#... ##............###
....# #.b.._......###
.....P ##...........P#
......
##P._.........##
......
....).........##
........<......#


You could see a catoblepas and an elephant (confused).

Vanquished Creatures
  A hydra (D:11)
  An unseen horror (D:10)
  A deep elf mage (D:6)
  An ugly thing (D:12)
  A salamander (D:9)
  2 elephants (Lair:5)
  Joseph (D:7)
  Psyche (D:9)
  3 spiny frogs
  A komodo dragon (D:12)
  A rime drake (Lair:2)
  A troll (D:11)
  A minotaur skeleton (Lab)
  A hippogriff (Lair:1)
  2 dream sheep (D:11)
  18 yaks
  Sigmund (D:2)
  2 wyverns
  2 wargs (D:8)
  7 water moccasins
  7 orc warriors
  2 porcupines
  4 ice beasts
  2 sky beasts (D:6)
  A black bear (D:9)
  5 ogres
  2 necrophages
  A slave (D:9)
  2 wolves (Lair:2)
  4 centaurs
  4 crocodiles
  9 big kobolds
  7 bullfrogs
  2 gnoll sergeants (D:11)
  3 scorpions
  6 killer bees (D:7)
  A howler monkey (D:4)
  A lava snake (Lair:3)
  3 bullfrog zombies
  4 crimson imps
  3 jellies
  2 centaur zombies
  7 hounds
  A quasit (D:7)
  10 orc priests
  2 bullfrog skeletons
  2 centaur skeletons
  Jessica (D:2)
  3 iguanas
  11 orc wizards
  5 worker ants
  12 adders
  12 gnolls
  3 shadow imps
  3 adder skeletons
  6 worms
  A worm (shapeshifter) (D:6)
  A leopard gecko (D:4)
  31 orcs
  A bat zombie (D:6)
  8 giant cockroaches
  12 goblins
  10 hobgoblins
  10 jackals
  7 quokkas
  3 ball pythons
  A ball python skeleton (D:4)
  12 bats
  5 frilled lizards
  21 kobolds
  A leopard gecko skeleton (D:4)
  3 rats
  A rat zombie (D:6)
330 creatures vanquished.

Vanquished Creatures (collateral kills)
  Pikel (D:9)
  A wyvern (D:8)
  A yak (D:10)
  A warg (D:8)
  A water moccasin (Lair:4)
  3 orc warriors
  A slave (D:9)
  2 wolves (Lair:2)
  A gnoll sergeant (D:8)
  An orc wizard (D:7)
  2 gnolls (D:8)
  An orc (D:10)
16 creatures vanquished.

Vanquished Creatures (others)
  2 slaves (D:9)
  An orc (D:10)
  A fungus (Lair:5)
  5 plants (D:11)
9 creatures vanquished.

Grand Total: 355 creatures vanquished

Notes
Turn   | Place    | Note
-------+----------+-------------------------------------------
     0 | D:1      | inc the Felid Chaos Knight began the quest for the Orb.
     0 | D:1      | Reached XP level 1. HP: 10/10 MP: 2/2
   234 | D:1      | XOM: harmless Air miscast
   247 | D:1      | XOM: silly message
   327 | D:1      | Reached XP level 2. HP: 14/14 MP: 3/3
   392 | D:1      | XOM: divination: detect creatures
   609 | D:1      | XOM: divination: magic mapping
   923 | D:2      | XOM: harmless Pois miscast
  1008 | D:2      | Reached XP level 3. HP: 8/17 MP: 4/4
  1084 | D:1      | Reached skill level 4 in Dodging
  1484 | D:1      | XOM is BORED!
  1484 | D:1      | XOM: summons 3 hostile shadow creatures
  1810 | D:2      | Reached XP level 4. HP: 17/21 MP: 5/5
  1848 | D:2      | Reached skill level 5 in Dodging
  1870 | D:2      | Noticed Sigmund
  1955 | D:3      | Noticed a dagger
  1956 | D:3      | Noticed a hand axe
  1959 | D:3      | Found a hide-covered altar of Uskayaw.
  2217 | D:3      | Reached skill level 6 in Dodging
  2217 | D:3      | Reached XP level 5. HP: 22/24 MP: 6/6
  2713 | D:2      | XOM: confuse monster(s)
  2719 | D:2      | XOM: divination: detect creatures
  2734 | D:2      | Killed Sigmund
  2734 | D:2      | Reached skill level 8 in Dodging
  2734 | D:2      | Gained mutation: You are covered in thick fur. (AC +2) [Felid growth]
  2734 | D:2      | Reached XP level 6. HP: 28/28 MP: 7/7
  2813 | D:2      | Noticed Jessica
  2816 | D:2      | XOM: harmless Erth miscast
  2829 | D:2      | Killed Jessica
  3127 | D:4      | XOM: swap monsters
  3131 | D:4      | Reached skill level 9 in Dodging
  3174 | D:4      | XOM: butterfly on damage
  3179 | D:4      | XOM: harmless Pois miscast
  3300 | D:4      | Found a blossoming altar of Fedhas.
  3323 | D:4      | Found a staircase to the Ecumenical Temple.
  3328 | D:4      | Reached XP level 7. HP: 26/31 MP: 8/8
  3664 | D:4      | Noticed Menkaure
  3716 | D:4      | XOM: divination: detect items
  3775 | D:5      | Entered Level 5 of the Dungeon
  3788 | D:5      | Reached skill level 10 in Dodging
  4230 | D:5      | XOM: silly message
  4246 | D:5      | Reached skill level 5 in Fighting
  4276 | D:5      | XOM: medium Necr miscast
  4426 | Temple   | Entered the Ecumenical Temple
  4496 | D:5      | Reached XP level 8. HP: 27/37 MP: 9/9
  4667 | D:5      | Found a glowing silver altar of Zin.
  4969 | D:6      | XOM: cast spell 'Necromutation'
  5157 | D:6      | XOM: fog
  5168 | D:6      | XOM: cleaving
  5251 | D:7      | XOM: scenery: create altars
  5344 | D:7      | Found an iron altar of Okawaru.
  5376 | D:7      | XOM: harmless Pois miscast
  5390 | D:7      | XOM: confuse monster(s)
  5399 | D:7      | XOM: summons 6 friendly demons
  5417 | D:7      | XOM: divination: magic mapping
  5482 | D:7      | XOM: mild Hex miscast
  5518 | D:7      | XOM: god gift: murky white potion {god gift}
  5542 | D:7      | XOM: smoke on damage
  5544 | D:7      | XOM: potion effect (curing)
  5559 | D:7      | Noticed Joseph
  5575 | D:8      | Reached skill level 5 in Unarmed Combat
  5659 | D:8      | XOM: divination: detect creatures
  5747 | D:8      | Found a staircase to the Lair.
  5784 | D:7      | Killed Joseph
  5784 | D:7      | Reached XP level 9. HP: 27/43 MP: 10/10
  5838 | D:7      | XOM: smoke on damage
  5880 | D:7      | XOM: mild Tmut miscast
  5941 | D:7      | XOM: 11-stop teleportation journey
  6391 | D:7      | XOM: medium Conj miscast
  6571 | D:6      | Found an ancient bone altar of Kikubaaqudgha.
  6757 | D:6      | XOM: confuse monster(s)
  6796 | D:6      | XOM: polymorph scorpion -> worm
  6839 | D:6      | Found an opulent altar of Gozag.
  6862 | D:6      | XOM: cast spell 'Summon Butterflies'
  7067 | D:6      | Noticed a deep elf mage
  7075 | D:6      | Killed a deep elf mage
  7198 | D:7      | Gained mutation: Your spells are a little harder to cast, but a little more powerful. [potion of mutation]
  7198 | D:7      | Gained mutation: You evolve. [potion of mutation]
  7405 | D:8      | Reached skill level 10 in Unarmed Combat
  7454 | D:8      | XOM: harmless Tmut miscast
  7464 | D:8      | XOM: noise
  7469 | D:8      | XOM: confuse monster(s)
  7478 | D:8      | XOM: divination: magic mapping
  7483 | D:8      | XOM: confusion (+ monsters)
  7485 | D:8      | XOM: confusion (+ monsters)
  7492 | D:8      | XOM: summons friendly white imp
  7504 | D:8      | XOM: enchant monster (bad)
  7510 | D:8      | XOM: cast spell 'Summon Horrible Things'
  7518 | D:8      | Gained mutation: You possess an exceptional clarity of mind. [evolution]
  7529 | D:8      | Reached XP level 10. HP: 47/47 MP: 11/11
  7942 | D:9      | Noticed Anonimus's ghost (novice GnFi)
  7950 | D:9      | XOM: enchant monster (good)
  7966 | D:10     | Entered Level 10 of the Dungeon
  7969 | D:10     | XOM: enchant monster (bad)
  8049 | D:11     | XOM: harmless Hex miscast
  8209 | D:11     | XOM: medium Erth miscast
  8353 | D:11     | Reached skill level 11 in Dodging
  8397 | D:11     | Noticed a three-headed hydra
  8399 | D:11     | XOM: cast spell 'Summon Mana Viper'
  8433 | D:11     | XOM: blink monster(s)
  8434 | D:11     | Killed a three-headed hydra
  8434 | D:11     | Reached skill level 12 in Dodging
  8448 | D:11     | XOM: summons 3 hostile shadow creatures
  8460 | D:10     | XOM: harmless Erth miscast
  8461 | D:10     | XOM: summons 5 friendly demons
  8468 | D:10     | Reached skill level 13 in Dodging
  8638 | D:9      | XOM: cloud trail
  8659 | D:9      | XOM: potion effect (haste)
  8667 | D:9      | XOM: harmless Fire miscast
  8725 | D:9      | Noticed Pikel
  8733 | D:9      | XOM: enchant monster (good)
  8734 | D:9      | XOM: divination: magic mapping
  8744 | D:9      | Killed Pikel
  8744 | D:9      | Reached skill level 14 in Dodging
  8761 | D:9      | XOM: mild Tloc miscast
  8805 | D:9      | XOM: summons friendly shadow imp
  8822 | D:9      | XOM: confuse monster(s)
  8908 | D:8      | XOM: give mutations
  8908 | D:8      | Gained mutation: You are weak. (Str -2) [Xom's mischief]
  8908 | D:8      | Gained mutation: Your body sometimes deteriorates upon taking damage. [Xom's mischief]
  8908 | D:8      | Gained mutation: You are very weak. (Str -4) [Xom's mischief]
  8908 | D:8      | Gained mutation: You are dopey. (Int -2) [Xom's mischief]
  9004 | D:9      | Found Miheas's General Store.
  9007 | D:9      | Noticed Psyche
  9019 | D:9      | Killed Psyche
  9019 | D:9      | Reached skill level 15 in Dodging
  9063 | D:9      | Bought a scroll of identify for 22 gold pieces
  9063 | D:9      | Bought a scroll of fear for 38 gold pieces
  9063 | D:9      | Bought a scroll of identify for 22 gold pieces
  9239 | D:10     | XOM: give mutation
  9239 | D:10     | Gained mutation: You are frail. (-10% HP) [Xom's mischief]
  9258 | D:10     | XOM: enchant monster (good)
  9278 | D:10     | XOM: summons friendly white imp
  9281 | D:10     | XOM: divination: detect items
  9285 | D:10     | XOM: summons 2 friendly demons
  9300 | D:10     | Noticed a salamander
  9300 | D:10     | a yak changed into a salamander
  9300 | D:10     | XOM: polymorph yak -> salamander
  9321 | D:10     | XOM: enchant monster (bad)
  9322 | D:10     | XOM: summons 5 hostile demons
  9353 | D:9      | XOM: enchant monster (good)
  9364 | D:9      | XOM: potion effect (berserk rage)
  9366 | D:9      | Killed a salamander
  9366 | D:9      | Reached skill level 16 in Dodging
  9446 | D:10     | Noticed an unseen horror
  9483 | D:10     | Killed an unseen horror
  9483 | D:10     | Reached XP level 11. HP: 29/45 MP: 12/12
  9490 | D:10     | XOM: silly message
  9530 | D:10     | XOM: medium Summ miscast
  9583 | D:9      | Reached skill level 17 in Dodging
  9817 | D:10     | XOM: enchant monster (bad)
 10118 | D:10     | XOM: harmless Conj miscast
 10408 | D:11     | XOM: scenery: 1 doors open
 10410 | D:11     | XOM: confuse monster(s)
 10411 | D:11     | Reached skill level 18 in Dodging
 10481 | D:11     | XOM: noise
 10525 | D:11     | XOM: harmless Tloc miscast
 10629 | D:11     | XOM: butterfly on damage
 10642 | D:11     | XOM: harmless Necr miscast
 10702 | D:11     | XOM: confuse monster(s)
 10704 | D:11     | XOM: mild Necr miscast
 10726 | D:11     | XOM: harmless Fire miscast
 10731 | D:11     | XOM: harmless Tmut miscast
 10782 | D:11     | Lost strength.
 11065 | D:11     | Found a staircase to the Orcish Mines.
 11077 | D:11     | XOM: noise
 11479 | D:11     | XOM: divination: detect creatures
 11480 | D:11     | XOM: harmless Necr miscast
 11568 | D:11     | XOM: scenery: 1 doors close
 11645 | D:11     | Lost mutation: You are frail. (-10% HP) [potion of mutation]
 11645 | D:11     | Lost mutation: You possess an exceptional clarity of mind. [potion of mutation]
 11645 | D:11     | Lost mutation: Your body sometimes deteriorates upon taking damage. [potion of mutation]
 11645 | D:11     | Lost mutation: Your spells are a little harder to cast, but a little more powerful. [potion of mutation]
 11645 | D:11     | Gained mutation: You are partially covered in yellow scales. (AC +2) [potion of mutation]
 11645 | D:11     | Gained mutation: You have a pair of small antennae on your head. [potion of mutation]
 11760 | D:11     | XOM: butterfly on damage
 12082 | D:12     | Noticed a six-headed hydra
 12085 | D:12     | XOM: summons 3 friendly demons
 12094 | D:12     | XOM: divination: detect items
 12127 | D:11     | XOM: mild Ice miscast
 12156 | D:11     | XOM: harmless Chrm miscast
 12276 | D:12     | Noticed a green ugly thing
 12293 | D:12     | XOM: harmless Pois miscast
 12294 | D:12     | XOM: potion effect (invisibility)
 12299 | D:12     | XOM: enchant monster (good)
 12305 | D:12     | Killed a green ugly thing
 12343 | D:12     | XOM: polymorph manticore -> komodo dragon
 12431 | Orc:1    | XOM: noise
 12431 | Orc:1    | Entered Level 1 of the Orcish Mines
 12431 | Orc:1    | Noticed an orc knight
 12500 | Lair:1   | Entered Level 1 of the Lair of Beasts
 12503 | Lair:1   | XOM: harmless Air miscast
 12521 | Lair:1   | XOM: cloud trail
 12550 | Lair:1   | XOM: butterfly on damage
 12552 | Lair:1   | HP: 1/50 [porcupine's spines (9)]
 12556 | Lair:1   | Demolished by a porcupine
 12557 | Lair:1   | Reached XP level 10. HP: -14/47 MP: 11/11
 12712 | Lair:1   | Noticed a seven-headed hydra
 12825 | Lair:2   | XOM: summons 3 friendly demons
 12828 | Lair:2   | XOM: noise
 12907 | Lair:2   | XOM: potion effect (agility)
 12919 | Lair:2   | XOM: confuse monster(s)
 13558 | Lair:2   | XOM: scenery: create altars
 13987 | Lair:3   | Noticed a molten gargoyle
 14050 | Lair:3   | Reached XP level 11. HP: 43/50 MP: 12/12
 14077 | Lair:3   | Noticed Snorg
 14086 | Lair:3   | XOM: harmless Pois miscast
 14088 | Lair:3   | XOM: divination: detect items
 14099 | Lair:3   | XOM: potion effect (heal wounds)
 14109 | Lair:3   | XOM: divination: detect creatures
 14115 | Lair:3   | XOM: divination: detect items
 14132 | Lair:3   | XOM: butterfly on damage
 14135 | Lair:3   | Noticed a seven-headed hydra
 14135 | Lair:3   | XOM: polymorph butterfly -> adder
 14142 | Lair:3   | XOM: 1-stop teleportation journey
 14202 | Lair:3   | XOM: 3-stop teleportation journey
 14313 | Lair:3   | XOM: fake destruction
 14327 | Lair:3   | XOM: cast spell 'Monstrous Menagerie'
 14336 | Lair:3   | XOM: fog
 14350 | Lair:3   | XOM: cleaving
 14351 | Lair:3   | XOM: cleaving
 14356 | Lair:3   | Killed from afar by a molten gargoyle
 14357 | Lair:3   | Reached XP level 10. HP: -7/47 MP: 11/11
 14368 | Lair:3   | XOM: enchant monster (good)
 14370 | Lair:3   | XOM: cast spell 'Alistair's Intoxication'
 14563 | Lair:3   | Noticed Snorg
 14563 | Lair:3   | Snorg changed into Snorg the spiny frog
 14563 | Lair:3   | XOM: polymorph Snorg -> Snorg the spiny frog
 14573 | Lair:3   | XOM: 3-stop teleportation journey
 14612 | Lair:4   | Noticed a spiny frog
 14619 | Lair:4   | XOM: summons 10 friendly demons
 14626 | Lair:4   | Killed a spiny frog
 14759 | Lair:4   | Found a staircase to the Swamp.
 14761 | Lair:4   | Noticed an eight-headed hydra
 14802 | Lair:4   | Found a hole to the Spider Nest.
 14814 | Lair:4   | Found a labyrinth entrance.
 14823 | Lab      | Entered a labyrinth
 14850 | Lab      | XOM: divination: magic mapping
 15297 | Lab      | XOM: give mutations
 15297 | Lab      | Gained mutation: Potions are less effective at restoring your health. [Xom's mischief]
 15297 | Lab      | Gained mutation: You occasionally shout uncontrollably at your foes. [Xom's mischief]
 15589 | Lab      | Noticed a minotaur
 15593 | Lab      | XOM: blink monster(s)
 15779 | Lair:5   | XOM: confusion
 15806 | Lair:5   | Noticed an elephant
 15807 | Lair:5   | Noticed an elephant
 15809 | Lair:5   | Noticed an elephant
 15816 | Lair:5   | XOM: swap monsters
 15817 | Lair:5   | Noticed an elephant
 15817 | Lair:5   | Noticed an elephant
 15825 | Lair:5   | XOM: summons friendly quasit
 15847 | Lair:5   | Noticed a spiny frog
 15853 | Lair:5   | XOM: confuse monster(s)
 15857 | Lair:5   | Noticed a catoblepas
 15857 | Lair:5   | Killed an elephant
 15863 | Lair:5   | XOM: harmless Hex miscast
 15868 | Lair:5   | Killed a spiny frog
 15870 | Lair:5   | XOM: enchant monster (good)
 15873 | Lair:5   | Killed an elephant
 15874 | Lair:5   | XOM: butterfly on damage
 15876 | Lair:5   | XOM: scenery: create altars
 15881 | Lair:5   | Slain by a catoblepas

Skill      XL: |  1  2  3  4  5  6  7  8  9 10 11 |
---------------+----------------------------------+-----
Unarmed Combat | 4 6 10 14 12 | 14.0
Dodging        | 4 6 8 9 10 16 18 | 18.3
Fighting       | 5 7 |  7.5

Action                   |  1- 3 |  4- 6 |  7- 9 | 10-12 || total
-------------------------+-------+-------+-------+-------++-------
Melee: Unarmed           |   150 |   221 |   548 |   958 ||  1877
       Bite              |     8 |    27 |    65 |   108 ||   208
       Punch             |       |     2 |    18 |    47 ||    67
Evoke: Wand              |       |       |     1 |       ||     1
  Use: Potion            |     2 |       |     7 |    15 ||    24
       Scroll            |     1 |     1 |     5 |    22 ||    29
 Stab: Sleeping          |     3 |     4 |     3 |     4 ||    14
       Confused          |       |     2 |       |    10 ||    12
       Distracted        |       |       |     1 |     4 ||     5
       Petrifying        |       |       |       |     2 ||     2
       Invisible         |       |       |       |     9 ||     9
       Petrified         |       |       |       |     2 ||     2
  Eat: Chunk             |     6 |     5 |     7 |    14 ||    32
Armor: Skin              |    12 |     3 |    25 |    29 ||    69
Dodge: Dodged            |   131 |   186 |   504 |  1068 ||  1889
